 Dungeon Crawl Stone Soup version 0.30-a0-605-gb2882149bf (webtiles) character file.

Game seed: 14738819617938451004

3491 Zonian the Chiller (level 9, -17/57 HPs)
             Began as a Demonspawn Ice Elementalist on Jan 7, 2023.
             Was an Initiate of Ashenzari.
             Demolished by Grum
             ... wielding a -1 glaive of holy wrath
              (27 damage)
             ... on level 8 of the Dungeon.
             The game lasted 00:17:55 (12599 turns).

Zonian the Chiller (Demonspawn Ice Elementalist)   Turns: 12599, Time: 00:17:55

Health: -17/57     AC:  8    Str:  9    XL:     9   Next: 80%
Magic:  18/18      EV: 12    Int: 19    God:    Ashenzari [......]
Gold:   358        SH:  0    Dex: 15    Spells: 9/20 levels left

rFire   x . .      SeeInvis .    b - +0 short sword
rCold   + . .      Faith    .    (no shield)
rNeg    . . .      Spirit   .    v - +0 swamp dragon scales
rPois   +          Reflect  .    (no helmet)
rElec   .          Harm     .    (no cloak)
rCorr   .          Rampage  .    (no gloves)
Will    .....                    (no boots)
Stlth   +++                      (no amulet)
HPRegen 0.29/turn                d - ring "Gloom of Ashenzari" {Ice, Elem, Comp} (curse)
MPRegen 0.32/turn                s - ring of flight

@: mighty, flying
A: powered by pain 1, magic regeneration, sharp scales 1, demonic touch 1
a: Renounce Religion, Shatter the Chains


You were on level 8 of the Dungeon.
You worshipped Ashenzari.
Ashenzari was noncommittal.
You visited 2 branches of the dungeon, and saw 9 of its levels.

You collected 442 gold pieces.
You spent 84 gold pieces at shops.

Inventory:

Hand Weapons
 b - a +0 short sword (weapon)
 t - a +2 broad axe of draining
 y - a +2 dagger of holy wrath
 z - a +3 glaive
Armour
 v - +0 swamp dragon scales (worn)
Jewellery
 d - the cursed ring "Gloom of Ashenzari" (left hand) {Ice, Elem, Comp}
   (You found it on level 3 of the Dungeon)

   [ring of ice]

   It enhances your ice magic.
   rF:        It makes you vulnerable to fire.
   rC:        It protects you from cold.
   It has a curse which improves the following skills: Elements: Fire Magic, Ice
   Magic, Air Magic and Earth Magic.
   Companions: Summonings and Necromancy.
 s - a ring of flight (right hand)
Wands
 g - a wand of paralysis (11)
 h - a wand of mindburst (11)
 p - a wand of flame (35)
 r - a wand of iceblast (9)
Scrolls
 c - a scroll of immolation
 f - 4 scrolls of amnesia
 j - a scroll of silence
 k - 3 scrolls of teleportation
 u - a scroll of blinking
Potions
 a - 3 potions of brilliance {unknown}
 e - 2 potions of heal wounds
 i - a potion of berserk rage
 l - a potion of resistance
 m - a potion of mutation
 n - 3 potions of attraction
 o - a potion of cancellation
 q - a potion of might
 w - a potion of haste
 x - a potion of curing


   Skills:
 + Level 3.8 Short Blades
 + Level 6.1 Dodging
 + Level 6.6 Stealth
 + Level 6.2 Spellcasting
 + Level 3.5(3.9) Summonings
 + Level 6.8(7.2) Ice Magic


You had 9 spell levels left.
You knew the following spells:

 Your Spells              Type           Power      Damage    Failure   Level
a - Freeze                Ice            100%       1d10      1%          1
b - Frozen Ramparts       Ice            100%       1d16      4%          3
c - Ozocubu's Armour      Ice            50%        N/A       4%          3
d - Summon Ice Beast      Ice/Summ       40%        N/A       30%         4

Your spell library contained the following spells:

 Spells                   Type           Power      Damage    Failure   Level
 Slow                     Hex            20%        N/A       30%         1
 Vampiric Draining        Necr           6%         2d6       65%         3
 Confusing Touch          Hex            5%         N/A       67%         3
 Ignite Poison            Fire/Tmut/Pois 5%         N/A       67%         3
 Summon Lightning Spire   Summ/Air       13%        N/A       80%         4
 Airstrike                Air            3%         2d(1-17)  97%         4
 Sticky Flame             Conj/Fire      5%         2d3       97%         4
 Lightning Bolt           Conj/Air       2%         1d14      100%        5
 Ignition                 Fire           3%         3d4       100%        8


Dungeon Overview and Level Annotations

Branches:
Dungeon (8/15)             Temple (1/1) D:6
   Lair: D:8-11

Altars:
Ashenzari
Cheibriados
Fedhas
Gozag
Hepliaklqana
Makhleb
Nemelex Xobeh
Okawaru
Qazlal
Ru
Vehumet
Xom
Yredelemnul

Shops:
D:6 ?

Annotations:
D:2 1 runed translucent door, Crazy Yiuf
D:8 Grum


Innate Abilities, Weirdness & Mutations

You sometimes gain a little power by taking damage.
You regenerate magic rapidly.
You are partially covered in razor-sharp scales. (AC +1, Slay +1)
Your touch may inflict minor irresistible damage on your foes.


Message History

Grum points his finger and growls, "Attack!"
The wolf bites you but does no damage.
You closely miss the wolf. Your touch misses the wolf.
The wolf barely misses you.
You miss the wolf.
You touch the wolf.
The wolf is moderately wounded.
The wolf closely misses you.
You closely miss the wolf.
The wolf is moderately wounded.
The wolf bites you but does no damage. The wolf bites you.
You hit the wolf but do no damage.
The wolf is moderately wounded.
The wolf closely misses you.
You hit the wolf. Your touch misses the wolf.
The wolf is heavily wounded.
The wolf bites you but does no damage. The wolf closely misses you.
You hit the wolf but do no damage. Your touch misses the wolf.
The wolf is heavily wounded.
The wolf bites you but does no damage.
You closely miss the wolf. Your touch misses the wolf.
The wolf is heavily wounded.
The wolf bites you.
Grum hits you from afar with a -1 glaive of holy wrath.
You convulse.
You hit the wolf.
You touch the wolf!
You kill the wolf!
Grum closely misses you.
Grum hits you with a -1 glaive of holy wrath!
You convulse.
You hit Grum but do no damage. Your touch misses Grum. You barely miss Grum.
Your touch misses Grum.
Grum hits you with a -1 glaive of holy wrath!
You convulse!
* * * LOW HITPOINT WARNING * * *
You focus on the pain.
You feel very mighty all of a sudden.
You hit Grum.
You touch Grum!
Grum is moderately wounded.
Grum hits you with a -1 glaive of holy wrath!!
You die...

.##.....##.....##.....h..
.##.....##...............
........##...............
.#...(..##.......##+#####
.#......##.......#..#
.#......++.......#..######..
.#......##.....hh#.........#
........#####'##g#..........
##.###### #.##@#..........
##.### ###.##.#..###.....
...... ............>.....#
##.### ####.######..#.####
...# #...............
####### #######....#.####
......######..........#.#
......#....'..........# #
......#.####..........#


You could see Grum and 2 wolves.

Vanquished Creatures
  Maggie (D:6)
  Sigmund (D:5)
  4 yaks (D:6)
  Menkaure (D:4)
  A water moccasin (D:5)
  Pargi (D:4)
  An ice beast (D:8)
  3 sky beasts
  A black bear (D:7)
  An ogre (D:5)
  A wolf (D:8)
  2 centaurs (D:8)
  2 phantoms (D:6)
  A kobold brigand (D:7)
  A bullfrog (D:8)
  4 scorpions
  A necrophage (D:5)
  4 wights (D:8)
  A howler monkey (D:5)
  3 hounds
  An orc priest (D:4)
  3 iguanas
  Natasha (thrice) (D:2)
  4 orc wizards
  4 gnolls
  7 adders
  2 white imps
  4 ufetubi
  3 worms
  2 dart slugs
  16 orcs
  5 endoplasms
  4 giant cockroaches
  2 hobgoblins
  12 kobolds
  9 quokkas
  10 ball pythons
  6 bats
  3 frilled lizards
  4 goblins
  4 rats
143 creatures vanquished.

Notes
Turn   | Place    | Note
-------+----------+-------------------------------------------
     0 | D:1      | Zonian the Demonspawn Ice Elementalist began the quest for
                  | the Orb.
     0 | D:1      | Reached XP level 1. HP: 13/13 MP: 3/3
   639 | D:1      | Gained mutation: Your touch may inflict minor irresistible
                  | damage on your foes. [demonic ancestry]
   639 | D:1      | Reached XP level 2. HP: 19/19 MP: 3/5
  1562 | D:1      | Reached XP level 3. HP: 22/24 MP: 6/6
  1930 | D:2      | Noticed Natasha
  1951 | D:2      | HP: 1/24 [crimson imp[Natasha] (3)]
  1953 | D:2      | Killed Natasha
  1958 | D:2      | Noticed Natasha
  2435 | D:3      | Reached XP level 4. HP: 19/30 MP: 4/8
  3557 | D:2      | Killed Natasha
  3558 | D:2      | Reached XP level 5. HP: 22/35 MP: 2/9
  3693 | D:2      | Found a runed translucent door.
  3694 | D:2      | Noticed Crazy Yiuf
  3740 | D:2      | Noticed Natasha
  3745 | D:2      | Killed Natasha
  4055 | D:3      | Learned a level 3 spell: Frozen Ramparts
  4059 | D:3      | Learned a level 3 spell: Ozocubu's Armour
  4673 | D:3      | Gained mutation: You are partially covered in razor-sharp
                  | scales. (AC +1, Slay +1) [demonic ancestry]
  4673 | D:3      | Reached XP level 6. HP: 10/41 MP: 8/11
  6135 | D:4      | Noticed Menkaure
  6151 | D:4      | Killed Menkaure
  6152 | D:4      | Gained mutation: You sometimes gain a little power by
                  | taking damage. [demonic ancestry]
  6152 | D:4      | Reached XP level 7. HP: 26/46 MP: 12/12
  6484 | D:4      | Noticed Pargi
  6498 | D:4      | Killed Pargi
  6499 | D:4      | Reached skill level 5 in Ice Magic
  6748 | D:4      | Found an iron altar of Okawaru.
  6894 | D:5      | Entered Level 5 of the Dungeon
  6894 | D:5      | Noticed Sigmund
  6900 | D:5      | Killed Sigmund
  7527 | D:5      | Gained mutation: You regenerate magic rapidly. [demonic
                  | ancestry]
  7527 | D:5      | Reached XP level 8. HP: 26/52 MP: 9/14
  7772 | D:5      | Found a hazy altar of Hepliaklqana.
  7954 | D:5      | Reached skill level 1 in Short Blades
  7954 | D:5      | Reached skill level 5 in Stealth
  8018 | D:5      | Found a radiant altar of Vehumet.
  8018 | D:5      | Found a sparkling altar of Nemelex Xobeh.
  8029 | D:5      | Found a snail-covered altar of Cheibriados.
  8032 | D:5      | Found a shimmering altar of Xom.
  8731 | D:6      | Learned a level 4 spell: Summon Ice Beast
  8834 | D:6      | Reached skill level 5 in Spellcasting
  8842 | D:6      | Reached skill level 5 in Dodging
  8842 | D:6      | Reached skill level 1 in Summonings
  9494 | D:6      | Reached XP level 9. HP: 49/57 MP: 17/17
  9721 | D:6      | Found Luow's Magic Scroll Shoppe.
  9732 | D:6      | Bought a scroll of teleportation for 42 gold pieces
  9732 | D:6      | Bought a scroll of teleportation for 42 gold pieces
  9756 | D:6      | Found an opulent altar of Gozag.
  9887 | D:6      | Found a staircase to the Ecumenical Temple.
  9900 | Temple   | Entered the Ecumenical Temple
 10051 | Temple   | Became a worshipper of Ashenzari the Shackled
 10284 | D:6      | Noticed Maggie
 10313 | D:6      | Killed Maggie
 11724 | D:7      | Reached * piety under Ashenzari
 12244 | D:8      | Found the +8 mithril axe "Arga" {speed, Will+}
 12579 | D:8      | Noticed Grum
 12599 | D:8      | Demolished by Grum

Illustrated notes

Levels and vault maps discovered:
D:1:      saegor_arrival_fortress, layout_basic
D:2:      layout_basic, uniq_natasha, uniq_crazy_yiuf_cottage
D:3:      layout_basic, minmay_misc_feat_pillars
D:4:      layout_cave_pools, mainiacjoe_overflow_brackets, uniq_menkaure,
          uniq_pargi
D:5:      layout_loops_ring, minmay_overflow_temple_star_hex,
          nzn_hepliaklqana_mist_gate, hellmonk_bongcloud_opening, uniq_sigmund
D:6:      layout_cave_pods, mainiacjoe_overflow_alcove_2, temple_fountains,
          serial_shops, nicolae_shop_stone, uniq_maggie
D:7:      layout_basic
D:8:      layout_basic, mrwooster_statue_mirror, uniq_prince_ribbit1, uniq_grum
Temple:   minmay_temple_curvy_branch

Skill      XL: |  1  2  3  4  5  6  7  8  9 |
---------------+----------------------------+-----
Stealth        | 2 3 4 5 6 |  6.6
Dodging        | 2 3 4 5 6 |  6.1
Ice Magic      | 4 5 6 |  6.8
Spellcasting   | 3 4 5 6 |  6.2
Short Blades   | 2 3 |  3.8
Summonings     | 1 3 |  3.5

Action                   |  1- 3 |  4- 6 |  7- 9 || total
-------------------------+-------+-------+-------++-------
Melee: Unarmed           |    10 |       |       ||    10
       Short sword       |    76 |   115 |   242 ||   433
       Touch             |    12 |    21 |    59 ||    92
       Punch             |       |     2 |     6 ||     8
 Cast: Freeze            |    20 |    42 |     8 ||    70
       Frozen Ramparts   |       |       |     7 ||     7
       Ozocubu's Armour  |       |       |     2 ||     2
Invok: Curse Item        |       |       |     2 ||     2
       Shatter the Chain |       |       |     1 ||     1
Evoke: Wand              |       |       |     2 ||     2
  Use: Potion            |     1 |     3 |     2 ||     6
       Scroll            |     1 |     4 |    11 ||    16
 Stab: Sleeping          |     2 |     8 |     8 ||    18
Armor: Robe              |    17 |    23 |    36 ||    76
       Swamp dragon scal |       |       |    19 ||    19
Dodge: Dodged            |    53 |   102 |   171 ||   326

Table legend: (Time is in decaauts)
 A = Elapsed time spent in this place.
 B = Non-inter-level travel time spent in this place.
 C = Inter-level travel time spent in this place.
 D = Time resting spent in this place.
 E = Time spent auto-exploring this place.
 F = Levels seen in this place.
 G = Mean time per level.
                   A        B        C        D        E       F      G
               +--------+--------+--------+--------+--------+-----+--------+
         Total |  12587 |  12364 |    223 |   5799 |   4941 |   9 | 1398.6 |
       Dungeon |  12413 |  12212 |    201 |   5799 |   4796 |   8 | 1551.6 |
        Temple |    173 |    151 |     22 |      0 |    145 |   1 |  173.0 |
               +--------+--------+--------+--------+--------+-----+--------+

Top non-repeatable levels by time:
     D:3: 2602 daAuts
     D:6: 2002 daAuts
     D:1: 1902 daAuts
     D:5: 1664 daAuts
     D:2: 1350 daAuts
     D:7: 1085 daAuts
     D:4: 1053 daAuts
     D:8: 753 daAuts
  Temple: 173 daAuts
